 Dungeon Crawl Stone Soup version 0.28.0-47-ge53b351184 (webtiles) character file.

Game seed: 13032132612469194081

50 Kangaroobicon the Shield-Bearer (level 3, -2/24 HPs)
             Began as a Gargoyle Fighter on May 1, 2022.
             Killed from afar by Natasha (10 damage)
             ... with a puff of flame
             ... on level 2 of the Dungeon.
             The game lasted 00:08:17 (916 turns).

Kangaroobicon the Shield-Bearer (Gargoyle Fighter)   Turns: 916, Time: 00:08:18

Health: -2/24      AC: 10    Str: 19    XL:     3   Next: 79%
Magic:  3/3        EV:  9    Int:  8    God:
Gold:   20         SH:  4    Dex: 11    Spells: 2/2 levels left

rFire   . . .      SeeInvis .   a - +0 war axe
rCold   . . .      Faith    .   c - +0 buckler
rNeg    + . .      Spirit   .   b - +0 scale mail
rPois   ∞          Reflect  .   (no helmet)
rElec   +          Harm     .   (no cloak)
rCorr   .          Rampage  .   (no gloves)
Will    .....                   (no boots)
Stlth   ..........              (no amulet)
HPRegen 0.08/turn               (no ring)
MPRegen 0.08/turn               (no ring)

@: slowed, very slow
A: sickness immunity, AC +3, negative energy resistance 1, electricity
resistance, torment resistance 1, petrification resistance
a: no special abilities


You were on level 2 of the Dungeon.
You visited 1 branch of the dungeon, and saw 2 of its levels.

You collected 20 gold pieces.

Inventory:

Hand Weapons
 a - a +0 war axe (weapon)
 m - a +2 whip of electrocution
Missiles
 e - 26 arrows
 f - 33 stones
 g - 11 poisoned darts (quivered)
 j - 19 bolts
Armour
 b - a +0 scale mail (worn)
 c - a +0 buckler (worn)
Scrolls
 i - a scroll of magic mapping {unknown}
 k - a scroll of amnesia {unknown}
Potions
 d - a potion of might
 h - a potion of ambrosia {unknown}
 l - a potion of brilliance {unknown}
 n - 2 potions of lignification {unknown}


   Skills:
 + Level 3.7 Fighting
 + Level 2.2 Axes
 + Level 3.9 Armour
 + Level 3.9 Shields


You had 2 spell levels left.
You didn't know any spells.
Your spell library was empty.

Dungeon Overview and Level Annotations

Branches:
Dungeon (2/15)

Altars:

Annotations:
D:2 Natasha


Innate Abilities, Weirdness & Mutations

You are immune to sickness and miasma.
Your stone body is resilient. (AC +3)
You are immune to poison.
You resist negative energy. (rN+)
You are resistant to electric shocks. (rElec)
You are resistant to unholy torment.
You are immune to petrification.


Message History

The worm bites you.
You slash the worm!
You kill the worm!
Found a stone staircase leading down.
A rat comes into view.
Natasha, Servant of Life and Death comes into view.
She is carrying a wand of flame (25).
Found 16 stones.
Natasha hisses angrily.
Natasha stares at you and mumbles some strange words.
The magic dart hits you.
There is a stone staircase leading down here.
Natasha hisses.
Natasha casts a spell at you.
You feel yourself slow down. The rat barely misses you.
You barely miss the rat. The rat bites you but does no damage.
Natasha casts a spell at you.
The magic dart hits you but does no damage.
The rat closely misses you.
You hit the rat.
You kill the rat!
You closely miss Natasha. Natasha claws you but does no damage.
Natasha stares at you and mumbles some strange words.
You resist with significant effort.
You barely miss Natasha.
Natasha zaps a wand.
The puff of flame hits you.
Natasha zaps a wand.
The puff of flame hits you.
You closely miss Natasha.
Natasha zaps a wand.
The puff of flame hits you but does no damage.
Natasha claws you but does no damage.
You barely miss Natasha.
Natasha zaps a wand.
You block the puff of flame.
Natasha wildly gestures.
Natasha glows brightly for a moment.
Natasha closely misses you. Natasha claws you but does no damage.
You hit Natasha.
Natasha is lightly wounded.
Natasha claws you! You block Natasha's attack.
You hit Natasha but do no damage.
Natasha is lightly wounded.
Natasha claws you but does no damage.
Natasha zaps a wand.
The puff of flame hits you!
You die...

##### #... ####.######
#### ..........# #...##
####.####.#######h....##
#.##........>@.......
####....................
........#.########...#.#
##.....##.# #.##
..........# #.#
##.....#### #(#
......###### .#
####........ #### #
..##.###.### ...#


You could see Natasha.

Vanquished Creatures
  Terence (D:2)
  A worm (D:2)
  3 bats (D:1)
  4 endoplasms (D:1)
  4 giant cockroaches (D:1)
  A goblin (D:1)
  2 hobgoblins (D:1)
  2 quokkas
  A ball python (D:1)
  3 rats
22 creatures vanquished.

Notes
Turn   | Place    | Note
-------+----------+-------------------------------------------
     0 | D:1      | Kangaroobicon the Gargoyle Fighter began the quest for the
                  | Orb.
     0 | D:1      | Reached XP level 1. HP: 14/14 MP: 1/1
   125 | D:1      | Reached XP level 2. HP: 9/19 MP: 2/2
   760 | D:2      | Noticed Terence
   771 | D:2      | Killed Terence
   772 | D:2      | Reached XP level 3. HP: 17/24 MP: 3/3
   908 | D:2      | Noticed Natasha
   916 | D:2      | Killed from afar by Natasha

Illustrated notes

Levels and vault maps discovered:
D:1:      dpeg_arrival_lava_temple_mockup, layout_basic, minmay_statues_item,
          minmay_3d_cube
D:2:      layout_loops_ring, shapermc_ecumenical_altar_petra, uniq_natasha,
          uniq_terence

Skill      XL: |  1  2 |
---------------+-------+-----
Axes           | 2 |  2.2
Fighting       | |  3.7
Armour         | |  3.9
Shields        | |  3.9

Action                   || total
-------------------------++-------
Melee: War axe           ||    59
Throw: Dart              ||     3
Armor: Scale mail        ||    31
Dodge: Dodged            ||    31
Block: Buckler           ||    12
